 Dungeon Crawl Stone Soup version 0.18-a0-1542-g9c1a92e (console) character file.

102 Liam the Conjurer (level 4, 0/24 HPs)
             Began as a Deep Elf Conjurer on Mar 10, 2016.
             Slain by Terence
             ... wielding a +0 falchion
              (6 damage)
             ... on level 2 of the Dungeon.
             The game lasted 00:02:36 (1840 turns).

Liam the Conjurer (Deep Elf Conjurer)               Turns: 1840, Time: 00:02:36

Health: 0/24       AC:  2    Str:  5    XL:     4   Next: 50%
Magic:  0/12       EV: 13    Int: 21    God:
Gold:   132        SH:  0    Dex: 15    Spells: 1 memorised, 11 levels left

rFire  . . .     SeeInvis .     (no weapon)
rCold  . . .     Gourm    .     a - +0 robe
rNeg   . . .     Faith    .     (no shield)
rPois  .         Spirit   .     (no helmet)
rElec  .         Dismiss  .     (no cloak)
rCorr  .         Reflect  .     (no gloves)
SustAt +         Harm     .     (no boots)
MR     .....                    (no amulet)
Stlth  ++........               (no ring)
                                h - ring of sustain attributes

@: very slightly contaminated, not resistant to hostile enchantments, unstealthy
A: no striking features
a: no special abilities


You were on level 2 of the Dungeon.
You were hungry.

You visited 1 branch of the dungeon, and saw 2 of its levels.

You collected 132 gold pieces.

Inventory:

Armour
 a - a +0 robe (worn)
Jewellery
 h - a ring of sustain attributes (left hand)
Wands
 m - a wand of paralysis (22/24)
 r - a wand of polymorph (7/24)
Scrolls
 e - 2 scrolls of enchant armour {unknown}
 f - a scroll of enchant weapon {unknown}
 g - 4 scrolls of identify {unknown}
 i - a scroll of noise {unknown}
 l - a scroll of recharging {unknown}
 o - 2 scrolls of fog {unknown}
 q - a scroll of blinking {unknown}
Potions
 d - a potion of cure mutation {unknown}
 j - a potion of curing {unknown}
 k - 2 potions of lignification {unknown}
 p - a potion of mutation {unknown}
Books
 b - a book of Conjurations

   Spells                             Type                      Level
   a - Magic Dart                     Conjuration                  1
   b - Searing Ray                    Conjuration                  2
   c - Dazzling Spray                 Conjuration/Hexes            3
   d - Fulminant Prism                Conjuration/Hexes            4
   e - Iskenderun's Mystic Blast      Conjuration                  4
   f - Iskenderun's Battlesphere      Conjuration/Charms           5
Comestibles
 c - 2 bread rations
 n - 2 meat rations
 s - a slice of pizza


   Skills:
 - Level 2.4 Dodging
 - Level 2.4 Stealth
 + Level 4.8 Spellcasting
 + Level 5.7 Conjurations


You had 11 spell levels left.
You knew the following spells:

 Your Spells              Type           Power        Failure   Level  Hunger
a - Magic Dart            Conj           ####         1%          1    None


Dungeon Overview and Level Annotations

Branches:
Dungeon (2/15)

Altars:

Annotations:
D:2 Terence


Message History

Press: ? - help, Shift-Dir - straight line The magic dart hits something.
Something hits you.
Casting: Magic Dart
Confirm with . or Enter, or press ? or * to list all spells.
Aiming: Magic Dart
Press: ? - help, Shift-Dir - straight line The magic dart hits something.
Something hits you.
Casting: Magic Dart
Confirm with . or Enter, or press ? or * to list all spells.
Aiming: Magic Dart
Press: ? - help, Shift-Dir - straight line The magic dart hits something.
Something hits you!
* * * LOW HITPOINT WARNING * * *
Casting: Magic Dart
Confirm with . or Enter, or press ? or * to list all spells.
Aiming: Magic Dart
Press: ? - help, Shift-Dir - straight line The magic dart hits something.
Something hits you.
You die...

.##.....##...###.#
..##...##.....##.#
...#...#.......#.#
...'...'.......#.#
...#...#.......#.#
..##...##.[...##.# .#
.###...###...###.# .# ##
#...# ##### #.# .#
.###...###...###@# {#
..##...##.....##.# .#
...#...#.......#.# .#
...'...'.......#.######.#
...#...#.......#........#
..##...##.....##.######.#
.###...###...###.# ## ##
#...# ##### #.#
.###...###...###.#


There were no monsters in sight!

Vanquished Creatures
  4 adders (D:2)
  An ooze (D:2)
  2 worms (D:2)
  3 dart slugs
  2 giant geckos (D:2)
  An orc (D:2)
  4 goblins
  5 hobgoblins
  4 jackals (D:2)
  7 bats
  2 giant newts (D:2)
  9 kobolds
  5 rats
49 creatures vanquished.

Notes
Turn   | Place    | Note
--------------------------------------------------------------
     0 | D:1      | Liam the Deep Elf Conjurer began the quest for the Orb.
     0 | D:1      | Reached XP level 1. HP: 10/10 MP: 6/6
   310 | D:1      | Reached XP level 2. HP: 15/15 MP: 5/8
   736 | D:2      | Reached skill level 5 in Conjurations
   940 | D:2      | Reached XP level 3. HP: 13/19 MP: 5/10
  1588 | D:2      | Reached XP level 4. HP: 18/24 MP: 4/12
  1818 | D:2      | Noticed Terence
  1840 | D:2      | Slain by Terence

Vault maps used:
D:1:      shiori_arrival_oz, minivault_4
D:2:      kennysheep_six_static_rooms, uniq_terence

Skill      XL: |  1  2  3 |
---------------+----------+-----
Conjurations   | 5 |  5.7
Spellcasting   | 4 |  4.8
Dodging        | |  2.4
Stealth        | |  2.4

Action                   |  1- 3 |  4- 6 || total
-------------------------+-------+-------++-------
 Cast: Magic Dart        |    85 |    32 ||   117
  Eat: Chunk             |     2 |       ||     2
